 Dungeon Crawl Stone Soup version 0.18-a0-917-g8a3da5b (webtiles) character file.

350 Duffy the Cutter (level 6, -8/32 HPs)
             Began as a Vine Stalker Fighter on Dec 26, 2015.
             Killed by divine providence
             ... invoked by an orc priest
              (14 damage)
             ... on level 5 of the Dungeon.
             The game lasted 00:04:57 (2538 turns).

Duffy the Cutter (Vine Stalker Fighter)             Turns: 2538, Time: 00:04:57

Health: -8/32      AC:  9    Str: 20    XL:     6   Next: 60%
Magic:  0/7        EV:  7    Int:  8    God:
Gold:   274        SH:  9    Dex: 14    Spells: 0 memorised, 5 levels left

rFire  . . .     SeeInvis .     l - +1 dagger (venom)
rCold  . . .     Gourm    .     b - +0 scale mail
rNeg   . . .     Faith    .     c - +0 shield
rPois  .         Spirit   +     D - +0 helmet
rElec  .         Dismiss  .     (no cloak)
rCorr  .         Reflect  .     u - +0 pair of gloves
SustAt .         Harm     .     (no boots)
MR     .....                    e - amulet of regeneration
Stlth  ..........               (no ring)
                                (no ring)

@: not resistant to hostile enchantments, extremely unstealthy
A: fangs 2, regeneration 2, magic shield, antimagic bite, no device heal 3, rot
immunity
a: no special abilities


You were on level 5 of the Dungeon.
You were not hungry.

You visited 1 branch of the dungeon, and saw 5 of its levels.

You collected 274 gold pieces.


Innate Abilities, Weirdness & Mutations

You have extremely sharp teeth.
You heal very quickly.
When hurt, damage is shared between your health and your magic reserves.
Your bite disrupts and absorbs the magic of your enemies.
Potions and wands cannot restore your health.
You are immune to rotting.


   Skills:
 + Level 3.5 Fighting
 + Level 4.8 Short Blades
 * Level 3.6 Armour
 - Level 2.6 Shields


You had 5 spell levels left.
You didn't know any spells.

Inventory:

Hand Weapons
 l - a +1 dagger of venom (weapon)
Armour
 b - a +0 scale mail (worn)
 c - a +0 shield (worn)
 p - a +0 crystal plate armour
 u - a +0 pair of gloves (worn)
 D - a +0 helmet (worn)
Jewellery
 e - an amulet of regeneration (around neck)
Wands
 a - a wand of slowing (29/48)
 t - a wand of random effects (29/48)
 E - a wand of hasting (0/9)
Scrolls
 g - 2 scrolls of teleportation {unknown}
 k - a scroll of fear {unknown}
 o - 2 scrolls of amnesia {unknown}
 q - a scroll of magic mapping {unknown}
 r - 2 scrolls of enchant weapon {unknown}
 w - 2 scrolls of remove curse {unknown}
 y - 2 scrolls of recharging {unknown}
Potions
 d - a potion of might
 i - 5 potions of curing
 n - a potion of lignification {unknown}
 s - 2 potions of heal wounds {unknown}
 v - a potion of poison {unknown}
 x - a potion of invisibility {unknown}
 z - a potion of flight
 B - a potion of cancellation
 C - a potion of magic
Comestibles
 f - 3 bread rations
 h - a slice of pizza
 j - 2 meat rations
 A - a chunk of flesh

Dungeon Overview and Level Annotations

Branches:
Dungeon (4/15)
 Temple: D:4-7

Altars:
Xom


Message History

The orc priest mumbles some strange prayers to Beogh against you.
Something smites you!
You are too injured to fight recklessly!
You are too injured to fight recklessly!
You hit the orc priest but do no damage.
Your bite misses the orc priest.
The orc priest is severely wounded.
You kill the orc priest!
The orc hits you but does no damage.
The orc priest casts a cantrip, but nothing happens.
The orc closely misses you.
Things that are here:
a hand axe; a ring mail You hit the orc priest.
The orc priest is poisoned.
You bite the orc priest. You drain its power.
You feel invigorated.
The orc priest is lightly wounded.
The orc hits you but does no damage.
You hit the orc priest.
The orc priest looks even sicker.
The orc priest is moderately wounded.
You block the orc priest's attack.
You hit the orc priest but do no damage.
The orc priest is moderately wounded.
The orc hits you but does no damage. The orc priest hits you with a mace.
You closely miss the orc priest. Your bite misses the orc priest.
The orc priest is severely wounded.
The orc barely misses you. You block the orc priest's attack.
You barely miss the orc priest.
The orc priest is severely wounded.
The orc hits you.
Your shield and scale mail prevent you from hitting the orc priest.
Your bite misses the orc priest.
The orc priest is severely wounded.
The orc priest invokes the aid of Beogh against you.
Something smites you!
You die...

.##############
...........o.oo
#.# #.#
########.##
..........#
########..#
#o.# ###@.#
#..o.# #)##.##
#.##..# #.###.#
#.# #.# #.# #.#
#.# #.# ... #.#


You could see an orc priest and an orc.

Action                   |  1- 3 |  4- 6 || total
-------------------------+-------+-------++-------
Melee: Rapier            |    54 |       ||    54
       Dagger            |    74 |   269 ||   343
  Use: Scroll            |       |     4 ||     4
       Potion            |       |     1 ||     1
  Eat: Chunk             |       |     6 ||     6

Notes
Turn   | Place    | Note
--------------------------------------------------------------
     0 | D:1      | Duffy the Vine Stalker Fighter began the quest for the Orb.
     0 | D:1      | Reached XP level 1. HP: 11/11 MP: 2/2
    15 | D:1      | Reached skill level 2 in Short Blades
    76 | D:1      | Reached XP level 2. HP: 16/16 MP: 3/3
   706 | D:2      | Reached skill level 3 in Short Blades
   765 | D:2      | Reached XP level 3. HP: 19/19 MP: 4/4
   820 | D:2      | Noticed Natasha
   844 | D:2      | Killed Natasha
   851 | D:2      | Reached XP level 4. HP: 13/23 MP: 5/5
   964 | D:2      | Reached skill level 4 in Short Blades
   970 | D:2      | Noticed Natasha
   979 | D:2      | Killed Natasha
  1321 | D:2      | Noticed Natasha
  1333 | D:2      | Killed Natasha
  1405 | D:3      | Noticed a black bear
  1539 | D:3      | Reached XP level 5. HP: 28/28 MP: 6/6
  1866 | D:3      | Reached skill level 3 in Fighting
  2103 | D:3      | Found a shimmering altar of Xom.
  2371 | D:4      | Noticed Robin
  2413 | D:4      | Killed Robin
  2413 | D:4      | Reached skill level 3 in Armour
  2468 | D:4      | You fall through a shaft!
  2468 | D:5      | Entered Level 5 of the Dungeon
  2475 | D:5      | Noticed Eustachio
  2496 | D:5      | Killed Eustachio
  2496 | D:5      | Gained mutation: You heal very quickly. [Vine Stalker growth]
  2496 | D:5      | Reached XP level 6. HP: 32/32 MP: 7/7
  2538 | D:5      | Killed from afar by an orc priest

Vault maps used:
D:1:      dpeg_arrival_rooms_with_view
D:2:      first_bread, uniq_natasha
D:3:      marbit_many_paths
D:4:      kennysheep_orc_chapel, uniq_robin
D:5:      kennysheep_generic_room_9, uniq_eustachio

Vanquished Creatures
  Eustachio
  An orc priest Natasha (thrice)
  Robin
  5 adders
  3 oozes
  5 worms
  A giant gecko
  2 orcs
  2 ball pythons
  6 bats
  14 goblins
  9 hobgoblins
  8 jackals
  2 quokkas
  3 giant cockroaches
  5 giant newts
  3 kobolds
  6 rats
80 creatures vanquished.
